 Dungeon Crawl Stone Soup version 0.29.0-4-gdea44cf6ec (webtiles) character file.

Game seed: 8788200391296071187

277 qw the Chopper (level 6, -1/35 HPs)
             Began as a Tengu Warper on Aug 29, 2022.
             Slain by a jelly (2 damage)
             ... on level 4 of the Dungeon.
             The game lasted 00:00:24 (4292 turns).

qw the Chopper (Tengu Warper)                       Turns: 4292, Time: 00:00:24

Health: -1/35      AC:  0    Str: 15 (17) XL:     6   Next: 26%
Magic:  10/10      EV:  5    Int: 10 (13) God:
Gold:   273        SH:  0    Dex: 12 (13) Spells: 9/9 levels left

rFire   . . .      SeeInvis .   Y - +0 hand axe
rCold   . . .      Faith    +   (no shield)
rNeg    + . .      Spirit   .   q - +1 plate armour
rPois   .          Reflect  .   (helmet restricted)
rElec   .          Harm     .   (no cloak)
rCorr   .          Rampage  .   (no gloves)
Will    .....                   (boots unavailable)
Stlth   ..........              c - amulet "Hysmoem" {Faith rN+ Str+3}
HPRegen 0.11/turn               (no ring)
MPRegen 0.12/turn               (no ring)

@: about to teleport, corroded, flying quickly and evasively, quick
A: beak, talons 3, nimble flight
a: no special abilities


You were on level 4 of the Dungeon.
You visited 1 branch of the dungeon, and saw 4 of its levels.

You collected 273 gold pieces.


Innate Abilities, Weirdness & Mutations

You have a beak for a mouth.
You have claws for feet.
Your magical nature lets you fly swiftly and evasively.


   Skills:
 - Level 2.0 Fighting
 + Level 6.6 Axes
 - Level 1.0 Throwing
 - Level 2.3 Armour
 - Level 2.1 Dodging
 - Level 2.0 Spellcasting
 - Level 2.4 Translocations


You had 9 spell levels left.
You didn't know any spells.
Your spell library contained the following spells:

 Spells                   Type           Power      Damage    Failure   Level
 Blink                    Tloc           10%        N/A       100%        2
 Gell's Gravitas          Tloc           5%         N/A       100%        3
 Lesser Beckoning         Tloc           5%         N/A       100%        3
 Teleport Other           Tloc           5%         N/A       100%        3
 Manifold Assault         Tloc           5%         N/A       100%        5

Inventory:

Hand Weapons
 d - a +0 flail
 Y - a +0 hand axe (weapon)
Armour
 q - a +1 plate armour (worn)
Jewellery
 b - a ring of fire
 c - the amulet "Hysmoem" (around neck) {Faith rN+ Str+3}
   (You acquired it on level 3 of the Dungeon)

   [amulet of faith]

   It allows you to gain divine favour quickly.
   Str:       It affects your strength (+3).
   rN:        It protects you from negative energy.
Scrolls
 e - a scroll of identify
 f - a scroll of enchant weapon {unknown}
 h - a scroll of teleportation
Potions
 a - 2 potions of resistance
 g - a potion of lignification {unknown}
 j - a potion of cancellation {unknown}
 k - 2 potions of curing
 m - a potion of haste {unknown}
 o - a potion of mutation {unknown}

Dungeon Overview and Level Annotations

Branches:
Dungeon (4/15)
 Temple: D:4-7

Altars:
The Shining One

Annotations:
D:4 1 runed translucent door, Crazy Yiuf


Message History

Enter note: You hit the ball python.
The ball python is moderately wounded.
The ball python bites you but does no damage.
The ball python barely misses you.
You barely miss the ball python. You claw the ball python.
You kill the ball python!
You hit the jelly.
Your hands burn!
The jelly is lightly wounded.
The jelly hits you but does no damage.
You hit the jelly. The acid corrodes you!
Your hands burn!
You claw the jelly!
The jelly is moderately wounded.
The jelly hits you but does no damage.
You completely miss the jelly.
The jelly is moderately wounded.
The jelly barely misses you.
You hit the jelly but do no damage.
Your hands burn!
You punch the jelly, but do no damage.
The jelly is moderately wounded.
The jelly hits you but does no damage.
You barely miss the jelly.
The jelly is moderately wounded.
The jelly hits you but does no damage.
You hit the jelly.
Your hands burn!
You peck the jelly.
The jelly is heavily wounded.
You hit the jelly.
Your hands burn!
You peck the jelly, but do no damage.
The jelly is heavily wounded.
The jelly hits you but does no damage.
You hit the jelly.
Your hands burn!
You peck the jelly, but do no damage.
The jelly is severely wounded.
The jelly hits you.
You are splashed with acid.
You hit the jelly. The acid corrodes you!
Your hands burn!
Your kick misses the jelly.
The jelly is severely wounded.
The jelly hits you. The acid corrodes you!
You are splashed with acid.
4292 ||| READING 2 scrolls of teleportation.
As you read the scroll of teleportation, it crumbles to dust.
You feel strangely unstable. The jelly hits you.
You die...

#......##.
##.##......
######..........
##..##...#....###
#....#...#.....##
##.......#.......
##.......##.......
##.##.#....#.....<.
#.@.###..###.......
#..J%# #..#......#..
##.....##.#.######.%
#......#.. ###...
...##.##.. #.#...
....# ..#... #.....
..#+# ..# #.#####...
... .. #........#
###..)####


You could see a jelly.

Vanquished Creatures
  A phantom (D:4)
  A hound (D:4)
  Ijyb (D:3)
  5 adders
  An ufetubus (D:3)
  3 worms
  3 dart slugs
  7 orcs
  10 endoplasms
  2 giant cockroaches
  11 goblins
  7 hobgoblins
  A jackal (D:3)
  4 quokkas
  6 ball pythons
  A bat (D:2)
  A frilled lizard (D:2)
  5 kobolds
  8 rats
78 creatures vanquished.

Vanquished Creatures (others)
  A plant (D:1)
1 creature vanquished.

Grand Total: 79 creatures vanquished

Notes
Turn   | Place    | Note
-------+----------+-------------------------------------------
     0 | D:1      | qw the Tengu Warper began the quest for the Orb.
     0 | D:1      | Reached XP level 1. HP: 12/12 MP: 4/4
     0 | D:1      | 0 ||| qw: Version: 0.1-a-89-g26bdef1
     0 | D:1      | 0 ||| qw: Game counter: 3536
     0 | D:1      | 0 ||| qw: Always use a shield: true
     0 | D:1      | 0 ||| qw: God list: Okawaru
     0 | D:1      | 0 ||| qw: Allow faded altars: false
     0 | D:1      | 0 ||| qw: Do Orc after D:15 true
     0 | D:1      | 0 ||| qw: Do second Lair branch before Depths: true
     0 | D:1      | 0 ||| qw: Lair rune preference: random
     0 | D:1      | 0 ||| qw: Plans: Normal
     0 | D:1      | 0 ||| PLANNING D:1-11
   379 | D:1      | Reached XP level 2. HP: 17/17 MP: 6/6
   481 | D:1      | Reached skill level 3 in Axes
   542 | D:1      | HP: 4/17 [poisoned by a goblin]
  1254 | D:1      | Found a glowing golden altar of the Shining One.
  1257 | D:1      | 1257 ||| READING scroll labelled SIATIBYCS.
  1261 | D:1      | 1261 ||| READING scroll labelled ZOXUSI JOTOB.
  1262 | D:1      | 1262 ||| READING scroll labelled WUXYNO YCEID.
  1263 | D:1      | 1263 ||| READING scroll labelled TASCHE DONEBO.
  1264 | D:1      | 1264 ||| DRINKING 2 lumpy purple potions.
  1265 | D:1      | 1265 ||| DROPPING scroll of blinking.
  1266 | D:1      | 1266 ||| DROPPING potion of brilliance.
  1372 | D:2      | 1372 ||| DROPPING +0 club.
  1383 | D:2      | Reached XP level 3. HP: 18/21 MP: 7/7
  1551 | D:2      | Reached skill level 4 in Axes
  1588 | D:2      | HP: 5/21 [poisoned by an adder]
  1950 | D:2      | Found a faded altar of an unknown god.
  1952 | D:2      | Noticed a floating eye
  1952 | D:2      | Noticed a great orb of eyes
  1964 | D:2      | Noticed an eye of devastation
  1964 | D:2      | Noticed a great orb of eyes
  2209 | D:2      | Reached XP level 4. HP: 26/26 MP: 8/8
  2213 | D:2      | 2213 ||| UPGRADING to +0 plate armour.
  2223 | D:2      | 2223 ||| DROPPING +0 leather armour.
  2224 | D:2      | 2224 ||| READING scroll labelled PUICO ZEGYURO.
  2225 | D:2      | 2225 ||| READING scroll labelled HEETZA WIEKHUE.
  2372 | D:2      | 2372 ||| READING scroll labelled FIXAONO DOLERO.
  2373 | D:2      | 2373 ||| READING scroll labelled IZUIFIE GATHAU.
  2438 | D:3      | Noticed Ijyb
  2460 | D:3      | Killed Ijyb
  2605 | D:3      | 2605 ||| Stepping ~*~*~tactically~*~*~ (stealth).
  2622 | D:3      | 2622 ||| Stepping ~*~*~tactically~*~*~ (stealth).
  2706 | D:3      | 2706 ||| Stepping ~*~*~tactically~*~*~ (hiding).
  2709 | D:3      | 2709 ||| Stepping ~*~*~tactically~*~*~ (hiding).
  2785 | D:3      | 2785 ||| Stepping ~*~*~tactically~*~*~ (stealth).
  2794 | D:3      | Reached skill level 5 in Axes
  2931 | D:3      | Gained mutation: Your magical nature lets you fly swiftly
                  | and evasively. [Tengu growth]
  2931 | D:3      | Reached XP level 5. HP: 30/30 MP: 9/9
  3031 | D:3      | 3031 ||| Stepping ~*~*~tactically~*~*~ (stealth).
  3450 | D:3      | 3450 ||| READING scroll labelled PALAOSMIETH.
  3450 | D:3      | Identified a scroll of acquirement
  3450 | D:3      | 3450 ||| ACQUIRING amulet "Hysmoem" {Faith rN+ Str+3}
  3450 | D:3      | Acquired the amulet "Hysmoem" {Faith rN+ Str+3}
  3452 | D:3      | 3452 ||| UPGRADING to amulet "Hysmoem" {Faith rN+ Str+3}.
  3457 | D:3      | 3457 ||| READING scroll labelled NEJ YLI HIU.
  3458 | D:3      | 3458 ||| DRINKING 2 clear potions.
  3459 | D:3      | 3459 ||| DRINKING 2 metallic golden potions.
  3460 | D:3      | 3460 ||| READING 2 scrolls of identify.
  3460 | D:3      | 3460 ||| IDENTIFYING fizzy purple potion
  3461 | D:3      | 3461 ||| DROPPING potion of attraction.
  3462 | D:3      | 3462 ||| DROPPING potion of degeneration.
  3672 | D:4      | 3672 ||| FLEEEEING.
  3677 | D:4      | 3677 ||| FLEEEEING.
  3694 | D:4      | 3694 ||| Stepping ~*~*~tactically~*~*~ (stealth).
  3733 | D:4      | Noticed a phantom
  3751 | D:4      | Killed a phantom
  3752 | D:4      | Reached skill level 6 in Axes
  3752 | D:4      | Reached XP level 6. HP: 19/35 MP: 10/10
  3863 | D:4      | 3863 ||| FLEEEEING.
  3864 | D:4      | 3864 ||| FLEEEEING.
  3866 | D:4      | 3866 ||| FLEEEEING.
  3870 | D:4      | 3870 ||| STAIRDANCE
  3947 | D:3      | 3947 ||| DROPPING potion of invisibility.
  3976 | D:4      | 3976 ||| READING scroll of enchant armour.
  3976 | D:4      | 3976 ||| ENCHANTING +0 plate armour.
  4004 | D:4      | 4004 ||| Stepping ~*~*~tactically~*~*~ (hiding).
  4138 | D:4      | Found a runed translucent door.
  4139 | D:4      | Noticed Crazy Yiuf
  4168 | D:4      | 4168 ||| Stepping ~*~*~tactically~*~*~ (stealth).
  4169 | D:4      | 4169 ||| Stepping ~*~*~tactically~*~*~ (stealth).
  4182 | D:4      | 4182 ||| Stepping ~*~*~tactically~*~*~ (stealth).
  4291 | D:4      | HP: 8/35 [acid (1)]
  4291 | D:4      | HP: 1/35 [acid (6)]
  4292 | D:4      | 4292 ||| READING 2 scrolls of teleportation.
  4292 | D:4      | Slain by a jelly

Levels and vault maps discovered:
D:1:      dpeg_arrival_water_altar, layout_loops_ring, serial_forest,
          infiniplex_forest_zigzag_1, infiniplex_forest_lined_corner,
          infiniplex_forest_end_3, infiniplex_forest_clump_tiny,
          infiniplex_forest_lined_1, infiniplex_forest_corner_2,
          infiniplex_forest_clump_cross, infiniplex_forest_clump_medium,
          infiniplex_forest_end_2
D:2:      layout_basic, hellmonk_ecumenical_altar_watching_god
D:3:      layout_basic, nicolae_concentric_dashed_squares_wild, minmay_unequal,
          uniq_ijyb
D:4:      nicolae_cairo_tiling_large, layout_cave_pools,
          mainiacjoe_overflow_alcove_2, gammafunk_temple_overflow_statue,
          small_statue_intersection, nicolae_figureground_pulse,
          uniq_crazy_yiuf_cottage

Skill      XL: |  1  2  3  4  5 |
---------------+----------------+-----
Axes           | 3 4 5 6 |  6.6
Armour         | 2 |  2.3
Fighting       | |  2.0
Throwing       | |  1.0
Dodging        | |  2.1
Spellcasting   | |  2.0
Translocations | |  2.4

Action                   |  1- 3 |  4- 6 || total
-------------------------+-------+-------++-------
Melee: Hand axe          |    52 |   116 ||   168
       Peck              |     8 |    15 ||    23
       Kick              |    17 |    32 ||    49
       Punch             |       |     1 ||     1
Throw: Boomerang         |    39 |    40 ||    79
  Use: Scroll            |     4 |     9 ||    13
       Potion            |     1 |     2 ||     3
Armor: Leather armour    |     8 |       ||     8
       Plate armour      |       |    69 ||    69
Dodge: Dodged            |    17 |    16 ||    33

Table legend:
 A = Non-vault XP
 B = Vault XP
 C = Vault XP percentage of total XP
 D = Non-vault monster count
 E = Vault monster count
 F = Vault count percentage of total count
                 A         B        C        D         E       F
            +---------+---------+-------+---------+---------+-------
      Total |     356 |      41 |  10.3 |      74 |       4 |   5.1
            +---------+---------+-------+---------+---------+-------
        D:1 |      17 |       0 |   0.0 |      10 |       0 |   0.0
        D:2 |      65 |       0 |   0.0 |      22 |       0 |   0.0
        D:3 |      79 |      41 |  34.2 |      24 |       4 |  14.3
        D:4 |     195 |       0 |   0.0 |      18 |       0 |   0.0
            +---------+---------+-------+---------+---------+-------
